Map: Cyber Forest LE

Players

Trizztein

  • Race: Terran Terran
  • League: Diamond
  • Spawn Location: 11:00

jayhxmo - Winner!

  • Race: Protoss Protoss
  • League: Diamond
  • Spawn Location: 5:00

VOD

Have the link to the VOD?

Description

Time

  • Played on: July 15, 2019, 10:14 a.m.
  • Length: 10:36
Show
View Real Time Build Order
Export as new Build Order

Trizztein Terran 

Build Orders: Gas First Reaper Expand 

Get SALT Encoding   

  12  0:00  SCV  
  13  0:12  SCV  
  14  0:17  Supply Depot  
  14  0:24  SCV  
  15  0:33  Refinery  
  15  0:38  SCV  
  16  0:45  Barracks  
  16  0:50  SCV  
  17  1:02  SCV  
  18  1:15  SCV  
  19  1:32  Reaper, Orbital Command  
  20  1:49  Command Center  
  20  1:57  SCV  
  21  2:04  Factory  
  21  2:11  SCV  
  22  2:16  Barracks Reactor  
  22  2:18  Supply Depot  
  22  2:23  SCV  
  22  2:25  Refinery  
  23  2:40  SCV  
  24  2:53  Marine x2, Hellion  
  24  2:54  SCV  
  29  3:00  Orbital Command  
  28  3:14  SCV  
  28  3:15  Starport  
  29  3:26  SCV  
  30  3:32  Barracks Tech Lab  
  30  3:39  SCV  
  31  3:42  SCV  
  32  3:51  SCV  
  32  3:55  SCV  
  38  3:56  Widow Mine x2  
  38  4:02  Bunker, Barracks Tech Lab  
  38  4:03  SCV  
  38  4:05  Refinery  
  38  4:06  Engineering Bay  
  38  4:07  Medivac  
  38  4:09  SCV  
  42  4:12  Supply Depot  
  42  4:15  SCV  
  43  4:21  SCV  
  44  4:27  Widow Mine  
  46  4:33  SCV  
  46  4:34  Widow Mine  
  46  4:37  SCV  
  50  4:39  Supply Depot  
  53  4:45  SCV  
  53  4:49  SCV  
  52  4:53  Barracks  
  52  4:58  SCV  
  53  5:01  SCV  
  54  5:07  Marine  
  54  5:09  Barracks, Terran Infantry Weapons Level 1  
  54  5:10  SCV  
  54  5:11  Missile Turret  
  54  5:13  SCV  
  57  5:14  Supply Depot  
  57  5:16  Factory Tech Lab  
  57  5:22  SCV  
  57  5:24  Barracks  
  57  5:25  SCV, Marine, Barracks  
  60  5:33  Starport Reactor  
  60  5:41  Stimpack  
  58  5:44  Barracks Tech Lab  
  58  5:57  Marine  
  58  5:58  Marine, Marauder  
  62  6:05  SCV  
  62  6:06  Combat Shield  
  62  6:10  Marine  
  62  6:11  SCV  
  65  6:13  Barracks Tech Lab  
  65  6:14  Barracks Reactor, Barracks Tech Lab  
  65  6:15  Starport Reactor, Marine x2  
  67  6:19  Marauder  
  67  6:22  SCV  
  70  6:32  Supply Depot x2  
  70  6:34  Marine x3  
  70  6:35  SCV x2, Marauder  
  77  6:40  Marine, Command Center  
  77  6:46  Engineering Bay, Armory  
  78  6:54  Marine x2, Siege Tank, Medivac x2, Marauder  
  86  6:58  SCV  
  86  6:59  SCV  
  91  7:10  SCV  
  91  7:11  SCV  
  91  7:13  Marine  
  94  7:20  Marine  
  94  7:26  SCV  
  94  7:27  Medivac  
  94  7:29  Marauder  
  83  7:32  SCV  
  73  7:38  SCV  
  73  7:41  Marauder  
  72  7:44  SCV  
  72  7:50  SCV  
  71  7:57  SCV, Terran Infantry Armor Level 1  
  72  8:02  SCV  
  73  8:07  Marine x3  
  73  8:09  SCV  
  77  8:13  Orbital Command  
  77  8:14  Marine, SCV, Marauder  
  81  8:21  SCV  
  81  8:24  Marine x2  
  81  8:25  Missile Turret  
  81  8:26  SCV  
  85  8:28  Bunker  
  85  8:29  Supply Depot  
  85  8:32  Supply Depot  
  85  8:33  SCV, Supply Depot  
  86  8:38  SCV  
  87  8:45  Widow Mine x2  
  91  8:49  Marauder  
  91  8:50  Marine  
  91  8:51  Marauder  
  96  8:56  SCV  
  96  9:00  SCV, Supply Depot, Refinery  
  98  9:13  SCV x2  
  98  9:16  SCV  
  101  9:17  Marine x2  
  100  9:25  Marine x2, SCV  
  100  9:28  Widow Mine  
  75  9:32  Marine  
  58  9:43  Marauder  
  50  9:46  Orbital Command  
  50  9:47  Marine x2  
  50  9:52  Orbital Command  
  43  9:57  Marine x2  
  44  10:02  SCV  
  44  10:04  Marine  
  46  10:07  Marine  
Show
View Real Time Build Order
Export as new Build Order

jayhxmo Protoss - Winner!

Build Orders: 1 Gate Expand, Oracle Opening 

Get SALT Encoding   

  12  0:01  Probe  
  13  0:13  Probe  
  14  0:19  Pylon  
  14  0:24  Probe  
  15  0:33  Probe  
  15  0:40  Gateway  
  15  0:41  Probe  
  17  0:50  Assimilator  
  17  0:52  Probe  
  18  1:04  Probe  
  19  1:16  Probe  
  20  1:32  Cybernetics Core  
  20  1:38  Nexus  
  20  1:45  Pylon  
  20  1:49  Probe  
  21  1:56  Assimilator  
  21  1:58  Adept  
  21  2:01  Probe  
  22  2:13  Probe  
  25  2:25  Probe  
  25  2:28  Adept  
  28  2:35  Stargate  
  27  2:37  Probe  
  28  2:48  Probe  
  28  2:49  Probe  
  29  2:56  Warp Gate, Probe  
  30  3:02  Probe  
  32  3:06  Probe  
  32  3:11  Oracle  
  33  3:14  Probe  
  34  3:20  Probe  
  34  3:26  Probe, Adept  
  41  3:32  Probe  
  40  3:34  Gateway  
  40  3:38  Oracle, Probe  
  40  3:41  Gateway  
  41  3:44  Probe  
  43  3:50  Probe  
  43  3:53  Pylon  
  44  3:56  Probe  
  44  3:59  Assimilator  
  44  4:02  Probe  
  46  4:06  Oracle  
  46  4:11  Probe  
  50  4:35  Probe x2  
  50  4:37  Twilight Council  
  52  4:44  Adept  
  54  4:50  Pylon  
  54  4:52  Pylon  
  54  4:55  Resonating Glaives  
  54  5:08  Probe x2  
  56  5:21  Gateway  
  56  5:22  Gateway  
  56  5:23  Nexus  
  56  5:24  Gateway  
  56  5:25  Pylon  
  56  5:26  Gateway  
  56  5:27  Pylon  
  56  5:30  Gateway  
  53  5:57  Gateway, Adept x2  
  53  5:58  Adept  
  53  6:01  Pylon  
  59  6:05  Pylon  
  59  6:18  Adept x5  
  59  6:19  Adept  
  59  6:22  Pylon  
  59  6:23  Pylon  
  59  6:24  Pylon  
  59  6:25  Adept x2, Pylon  
  75  6:48  Adept  
  75  6:49  Adept x7  
  75  6:51  Adept  
  93  7:12  Adept x2  
  93  7:13  Adept x6  
  101  7:32  Adept x2  
  101  7:33  Adept x4  
  79  7:55  Probe x3  
  82  8:00  Adept x7  
  96  8:24  Adept x7  
  110  8:31  Probe x3  
  113  8:40  Adept x2  
  117  8:43  Probe x2  
  117  8:48  Adept x3  
  125  9:12  Adept x5  
  125  9:13  Adept x3  
  84  9:48  Adept  
  84  9:49  Adept x7  
  98  9:56  Probe x3  
  101  10:06  Forge  
  101  10:08  Forge  
  101  10:13  Probe  
  102  10:19  Probe  
  103  10:22  Probe  
Tags
 
Add a new tag
Caveats
  • Supply blocks, unpowered buildings, or Contaminate may cause inaccurate times.
  • Supply counts are checked every 10 seconds.